 Dungeon Crawl Stone Soup version 0.31-a0-631-g285b096dc4 (webtiles) character file.

Game seed: 8372009831629867779

349 Newt the Covered (level 6, 0/40 HPs)
             Began as a Gargoyle Fighter on Aug 25, 2023.
             Slain by a two-headed ogre
             ... wielding a +0 giant spiked club
              (27 damage)
             ... on level 5 of the Dungeon.
             The game lasted 00:03:06 (3726 turns).

Newt the Covered (Gargoyle Fighter)                 Turns: 3726, Time: 00:03:06

Health: 0/40       AC: 12    Str: 20 (22) XL:     6   Next: 60%
Magic:  6/6        EV:  9    Int:  7 (8)  God:
Gold:   207        SH:  4    Dex:  9      Spells: 5/5 levels left

rFire   + . .        a - +0 flail (spect)
rCold   . . .        c - +0 buckler
rNeg    + . .        m - +1 scale mail {rF+}
rPois   ∞            (no helmet)
rElec   +            (no cloak)
rCorr   .            (no gloves)
SInv    .            (no boots)
Will    .....        (no amulet) Stlth
                     (no ring)
HPRegen 0.26/turn    (no ring)
MPRegen 0.10/turn

%: no passive effects
@: no status effects
A: sickness immunity, AC +4, negative energy resistance 1, electricity
resistance, torment resistance 1, petrification resistance
a: no special abilities


You were on level 5 of the Dungeon.
You visited 1 branch of the dungeon, and saw 5 of its levels.

You collected 207 gold pieces.

Inventory:

Hand Weapons
 a - a +0 spectral flail (weapon)
Missiles
 g - 2 poisoned darts (quivered)
Armour
 b - a +0 scale mail
 c - a +0 buckler (worn)
 m - a +1 scale mail of fire resistance (worn)
Jewellery
 h - a ring of fire
Potions
 d - a potion of might
 f - 2 potions of degeneration
 i - a potion of ambrosia {unknown}
 j - a potion of haste
 k - a potion of brilliance {unknown}
 l - 2 potions of heal wounds
 n - a potion of resistance {unknown}


   Skills:
 - Level 5.0 Fighting
 - Level 4.0 Maces & Flails
 + Level 5.7 Armour
 - Level 3.2 Shields


You had 5 spell levels left.
You didn't know any spells.
Your spell library contained the following spells:

 Spells                   Type           Power      Damage    Failure   Level
 Blink                    Tloc           0%         N/A       93%         2
 Lesser Beckoning         Tloc           0%         N/A       93%         2
 Momentum Strike          Conj/Tloc      0%         3d8       93%         2
 Scorch                   Fire           0%         2d5       93%         2
 Dazzling Flash           Conj/Hex       0%         N/A       99%         3
 Volatile Blastmotes      Fire/Tloc      0%         2d10      99%         3
 Flame Wave               Conj/Fire      0%         2d4       100%        4
 Starburst                Conj/Fire      0%         6d3       100%        6
 Summon Cactus Giant      Summ           0%         N/A       100%        6
 Maxwell's Capacitive Co  Air            0%         ∞         100%        8


Dungeon Overview and Level Annotations

Branches:
Dungeon (5/15)
 Temple: D:4-7

Altars:
Cheibriados

Annotations:
D:5 Blork the orc, Pikel


Innate Abilities, Weirdness & Mutations

You are immune to sickness and miasma.
Your stone body is resilient. (AC +4)
You are immune to poison.
You resist negative energy. (rN+)
You are resistant to electric shocks. (rElec)
You are resistant to unholy torment.
You are immune to petrification.


Message History

HP restored.
You start waiting.
Done waiting.
You start waiting.
Done waiting.
There is a stone staircase leading down here.
You climb downwards.
Level annotation: Blork the orc, Pikel
Found a pair of boots.
There is a stone staircase leading up here.
A two-headed ogre comes into view.
It is wielding a +0 giant spiked club and a +0 giant club.
The two-headed ogre shouts in stereo!
Throw: 7 darts (poison)
Press: ? - help, Shift-Dir - straight line, f - two-headed ogre
Aim: a two-headed ogre, wielding a +0 giant spiked club and a +0 giant club (70% to hit)
You throw a poisoned dart.
The poisoned dart hits the two-headed ogre.
You throw a poisoned dart.
The poisoned dart hits the two-headed ogre.
The two-headed ogre is poisoned.
You throw a poisoned dart.
The poisoned dart closely misses the two-headed ogre.
You throw a poisoned dart.
The poisoned dart barely misses the two-headed ogre.
You sock the two-headed ogre!
The two-headed ogre is moderately wounded.
The two-headed ogre closely misses you.
The two-headed ogre hits you with a +0 giant club.
The two-headed ogre looks more healthy.
The two-headed ogre attacks as it pursues you!
The two-headed ogre barely misses you.
The two-headed ogre hits you with a +0 giant club!
You throw a poisoned dart.
The poisoned dart barely misses the two-headed ogre.
You sock the two-headed ogre!
The two-headed ogre is moderately wounded.
Your +0 spectral flail hits the two-headed ogre.
The two-headed ogre hits you with a +0 giant spiked club!!
Ouch! That really hurt!
You die...

### # ..(.#########
#(.....(O(#
#########@##
#..#######
..##########.......#
.......<...........#
[.##################


You could see a two-headed ogre and a friendly +0 spectral flail.

Vanquished Creatures
  A phantom (D:4)
  A bullfrog (D:4)
  An iron imp (D:4)
  A sleepcap (D:4)
  An iguana (D:4)
  An orc wizard (D:4)
  6 adders
  5 orcs
  7 endoplasms
  2 giant cockroaches
  7 goblins
  4 hobgoblins
  3 jackals (D:1)
  3 kobolds
  A quokka (D:1)
  3 ball pythons
  4 bats
  4 frilled lizards
  2 rats
57 creatures vanquished.

Notes
Turn   | Place    | Note
-------+----------+-------------------------------------------
     0 | D:1      | Newt the Gargoyle Fighter began the quest for the Orb.
     0 | D:1      | Reached XP level 1. HP: 14/14 MP: 1/1
    75 | D:1      | Reached XP level 2. HP: 13/20 MP: 2/2
   609 | D:2      | Reached XP level 3. HP: 15/24 MP: 3/3
   765 | D:2      | Found a faded altar of an unknown god.
  1106 | D:2      | Reached skill level 5 in Fighting
  1113 | D:3      | Reached XP level 4. HP: 28/31 MP: 4/4
  1948 | D:4      | Reached XP level 5. HP: 13/35 MP: 5/5
  2182 | D:4      | Noticed a phantom
  2200 | D:4      | Killed a phantom
  2201 | D:4      | Reached XP level 6. HP: 25/40 MP: 6/6
  2767 | D:4      | Reached skill level 5 in Armour
  3120 | D:4      | Found a snail-covered altar of Cheibriados.
  3362 | D:5      | Entered Level 5 of the Dungeon
  3368 | D:5      | Noticed Pikel
  3370 | D:5      | Noticed Blork the orc
  3714 | D:5      | Noticed a two-headed ogre
  3726 | D:5      | Slain by a two-headed ogre

Illustrated notes

Levels and vault maps discovered:
D:1:      heliophobic_arrival_battle_scene, layout_basic
D:2:      layout_loops_ring, shapermc_ecumenical_altar_petra,
          kennysheep_nondescript
D:3:      layout_basic, kennysheep_generic_room_11
D:4:      layout_layer_cave, chei_slow_surprise, saegor_snake_ambush
D:5:      layout_rooms, nicolae_wu_jian_wuxing_cycle,
          lemuel_coloured_pillars_altar, serial_rivers,
          chequers_serial_rivers_marsh, chequers_serial_rivers_micro_b,
          chequers_serial_rivers_micro_a, chequers_serial_rivers_small_b,
          chequers_serial_rivers_small_3, chequers_serial_rivers_micro_c,
          kb_lookout_dungeons_type, uniq_blork_the_orc, uniq_pikel

Skill      XL: |  1  2  3  4  5  6 |
---------------+-------------------+-----
Fighting       | 4 5 |  5.0
Maces & Flails | 3 4 |  4.0
Armour         | 4 5 |  5.7
Shields        | |  3.2

Action                     |  1- 3 |  4- 6 || total
---------------------------+-------+-------++-------
  Melee: Flail             |   120 |   142 ||   262
  Throw: Dart              |       |     5 ||     5
    Use: Scroll            |     4 |     5 ||     9
         Potion            |       |     2 ||     2
 Armour: Scale mail        |   104 |    76 ||   180
  Dodge: Dodged            |    90 |    53 ||   143
  Block: Buckler           |    48 |    26 ||    74

Table legend: (Time is in decaauts)
 A = Elapsed time spent in this place.
 B = Non-inter-level travel time spent in this place.
 C = Inter-level travel time spent in this place.
 D = Time resting spent in this place.
 E = Time spent auto-exploring this place.
 F = Levels seen in this place.
 G = Mean time per level.
                   A        B        C        D        E       F      G
               +--------+--------+--------+--------+--------+-----+--------+
         Total |   3823 |   3693 |    130 |    695 |   2414 |   5 |  764.6 |
       Dungeon |   3823 |   3693 |    130 |    695 |   2414 |   5 |  764.6 |
               +--------+--------+--------+--------+--------+-----+--------+

Top non-repeatable levels by time:
     D:4: 2018 daAuts
     D:3: 662 daAuts
     D:2: 609 daAuts
     D:1: 496 daAuts
     D:5: 37 daAuts
